 Dungeon Crawl Stone Soup version 0.23-a0-54-gae6112e (webtiles) character file.

9879 CanOfBees the Fighter (level 11, 0/126 HPs)
             Began as an Ogre Hunter on Aug 8, 2018.
             Was an Elder of Okawaru.
             Killed by divine providence
             ... invoked by an orc priest
              (13 damage)
             ... on level 11 of the Dungeon.
             The game lasted 00:42:57 (21395 turns).

CanOfBees the Fighter (Ogre Hunter)                Turns: 21395, Time: 00:42:58

Health: 0/126      AC: 10    Str: 21    XL:     11   Next: 53%
Magic:  16/16      EV: 11    Int: 12    God:    Okawaru [****..]
Gold:   592        SH: 14    Dex:  9    Spells: 10/10 levels left

rFire    . . .     SeeInvis .   a - +1 dagger (venom)
rCold    . . .     Gourm    .   n - -2 large shield
rNeg     . . .     Faith    .   k - +2 robe
rPois    .         Spirit   .   (helmet restricted)
rElec    .         Reflect  .   H - +0 cloak
rCorr    .         Harm     .   (gloves unavailable)
MR       +....                  (boots unavailable)
Stlth    ++++......             Q - amulet of the acrobat
HPRegen  0.31/turn              y - +3 ring of protection
MPRegen  0.15/turn              r - ring of stealth

@: heroism
A: large, unfitting armour, tough skin 1
a: Heroism, Renounce Religion


You were on level 11 of the Dungeon.
You worshipped Okawaru.
Okawaru was greatly pleased with you.
You were not hungry.

You visited 2 branches of the dungeon, and saw 12 of its levels.

You collected 592 gold pieces.

Inventory:

Hand Weapons
 a - a +1 dagger of venom (weapon)
 b - a +2 hunting sling of flaming
 c - a +0 trident
 E - a +1 whip of flaming
 G - a +2 flail of holy wrath
 T - a cursed +0 rapier
Missiles
 g - 41 poisoned needles
 q - 228 stones (quivered)
 B - 6 javelins
 I - a throwing net
 J - 3 large rocks
 K - 5 tomahawks of returning
 L - 4 steel javelins
 N - 2 sling bullets
 O - 7 curare-tipped needles
 P - 8 needles of paralysis
Armour
 k - a +2 robe (worn)
 n - a -2 large shield (worn)
 H - a +0 cloak (worn)
Jewellery
 h - an uncursed ring of ice
 l - an uncursed ring of poison resistance {unknown}
 r - a ring of stealth (right hand)
 y - a +3 ring of protection (left hand)
 Q - an amulet of the acrobat (around neck)
Wands
 A - a wand of digging (6)
 F - a wand of flame (21)
 R - a wand of polymorph (11)
Scrolls
 d - 2 scrolls of noise
 i - 4 scrolls of fog
 p - 3 scrolls of remove curse
 s - a scroll of immolation
 v - 6 scrolls of amnesia
 C - 2 scrolls of vulnerability
 D - a scroll of magic mapping
Potions
 e - 3 potions of ambrosia
 m - 2 potions of brilliance
 o - 2 potions of flight
 t - a potion of resistance {unknown}
 u - 2 potions of magic
 x - 4 potions of curing
 z - a potion of berserk rage {unknown}
 S - a potion of mutation {unknown}
Comestibles
 f - 25 rations


   Skills:
 + Level 12.9(17.9) Fighting
 - Level 4.0(9.0) Polearms
 - Level 10.0(15.0) Throwing
 - Level 4.5(9.5) Armour
 - Level 4.0(9.0) Dodging
 - Level 0.6(5.6) Stealth
 + Level 3.9(8.9) Shields
 + Level 7.5 Invocations


You had 10 spell levels left.
You didn't know any spells.
Your spell library contained the following spells:

 Spells                   Type           Power        Failure   Level  Hunger
 Cause Fear               Hex            #.........   100%        4    #####..
 Magic Dart               Conj           #...         77%         1    ##.....
 Conjure Flame            Conj/Fire      #.......     98%         3    ####...
 Slow                     Hex            #.......     88%         2    ###....
 Confuse                  Hex            #.......     98%         3    ####...
 Mephitic Cloud           Conj/Pois/Air  #.......     98%         3    ####...
 Blink                    Tloc           N/A          88%         2    ###....
 Call Imp                 Summ           #.......     88%         2    ###....
 Tukima's Dance           Hex            #.......     98%         3    ####...
 Deflect Missiles         Chrm/Air       #.........   100%        6    #######
 Ensorcelled Hibernation  Hex/Ice        #.....       88%         2    ###....
 Silence                  Hex/Air        #.........   100%        5    ######.
 Corona                   Hex            #......      77%         1    ##.....
 Dazzling Spray           Conj/Hex       #.....       98%         3    ####...
 Discord                  Hex            #.........   100%        8    #######
 Yara's Violent Unravell  Hex/Tmut       #.........   100%        5    ######.


Dungeon Overview and Level Annotations

Branches:
Dungeon (11/15)            Temple (1/1) D:6            Lair (0/6) D:11
    Orc (0/2) D:9

Altars:
Ashenzari
Cheibriados
Dithmenos
Elyvilon
Fedhas
Gozag
Hepliaklqana
Kikubaaqudgha
Makhleb
Nemelex Xobeh
Okawaru
Qazlal
Ru
Sif Muna
Trog
Uskayaw
Vehumet
Wu Jian
Xom
Yredelemnul
Zin
The Shining One

Shops:
D:10 =

Annotations:
D:10 3 runed doors, exclusion: door, snuffy's ghost, journeyman DsGl


Innate Abilities, Weirdness & Mutations

You are too large for most types of armour.
You have tough skin. (AC +1)


Message History

Unknown command.
You feel sick.
Unknown command.
You're too confused to move!
You feel sick.
The orc warrior hits you with a battleaxe!!
* * * LOW HITPOINT WARNING * * *
Unknown command.
You feel better.
You feel less invigorated.
You feel better. The orc warrior barely misses you. You block the orc's attack.
Your shield prevents you from hitting the orc warrior.
The orc warrior is moderately wounded.
You hit the orc warrior but do no damage.
The orc warrior looks even sicker.
The orc warrior is moderately wounded.
You block the orc's attack.
The orc warrior hits you with a battleaxe!
* * * LOW HITPOINT WARNING * * *
The orc priest calls down the wrath of Beogh upon you.
Beogh smites you!
You die...

...P......<.........##
P................#.##
PPP...............###
PP.P.............##.##
.uP.PP...............#
PPPPPP...............##
P.PP.PPP..............#
P.P..P.P.........##..##
PP.PPP.........o@#####
P.P....P......#o###
..P.PP.P.........o#####
PP..PPP........o......##
..PP...................## .
PPPP...........(##......##
.
PPP............†(.#......#
..
P...P.................#..##
.#
................(.........
.(


You could see an orc warrior, an orc priest and an orc.

Vanquished Creatures
  A two-headed ogre (D:11)
  An unseen horror (D:10)
  Pikel (D:7)
  2 ugly things
  2 trolls
  A hornet (D:10)
  A queen bee (shapeshifter) (D:10)
  A hippogriff (D:8)
  A yak (D:11)
  A wyvern (D:10)
  Menkaure (D:4)
  A water moccasin (D:10)
  2 porcupines
  3 orc warriors
  3 slaves
  2 black bears
  A phantom (D:6)
  2 necrophages
  3 sky beasts
  7 ogres
  2 centaurs
  3 crocodiles
  A big kobold (D:8)
  7 bullfrogs
  A gnoll sergeant (D:11)
  5 scorpions
  10 killer bees
  5 wights
  5 howler monkeys
  A lava snake (D:7)
  2 bullfrog zombies
  7 crimson imps
  2 quasits
  2 hounds
  3 jellies
  5 centaur skeletons
  12 orc priests
  8 orc wizards
  9 iguanas
  8 worker ants
  2 worker ant zombies
  3 gnolls (D:11)
  A howler monkey zombie (D:6)
  2 howler monkey skeletons
  14 adders
  4 shadow imps
  An ooze (D:3)
  An adder skeleton (D:6)
  2 worms (D:2)
  2 dart slugs
  4 leopard geckos
  67 orcs
  4 giant cockroaches
  4 goblins
  7 hobgoblins
  11 jackals
  5 quokkas
  2 ball pythons
  11 bats
  5 frilled lizards
  14 kobolds
  A leopard gecko skeleton (D:4)
  6 rats
308 creatures vanquished.

Vanquished Creatures (others)
  7 fungi (D:11)
  3 plants (D:11)
10 creatures vanquished.

Grand Total: 318 creatures vanquished

Notes
Turn   | Place    | Note
-------+----------+-------------------------------------------
     0 | D:1      | CanOfBees the Ogre Hunter began the quest for the Orb.
     0 | D:1      | Reached XP level 1. HP: 22/22 MP: 1/1
   137 | D:1      | Reached skill level 3 in Fighting
   642 | D:1      | Reached XP level 2. HP: 31/31 MP: 2/2
  1388 | D:2      | Found a shadowy altar of Dithmenos.
  1512 | D:2      | Reached XP level 3. HP: 32/37 MP: 3/3
  2099 | D:2      | Reached XP level 4. HP: 12/48 MP: 4/4
  2436 | D:2      | Reached skill level 4 in Fighting
  3511 | D:3      | Reached XP level 5. HP: 48/55 MP: 5/5
  4204 | D:4      | Reached skill level 5 in Throwing
  4298 | D:4      | Reached skill level 5 in Fighting
  4469 | D:4      | Reached XP level 6. HP: 66/66 MP: 6/6
  4881 | D:4      | Noticed Menkaure
  4886 | D:4      | Killed Menkaure
  5246 | D:4      | Reached skill level 6 in Fighting
  5246 | D:4      | Reached XP level 7. HP: 73/75 MP: 7/7
  5472 | D:5      | Entered Level 5 of the Dungeon
  5944 | D:5      | Reached skill level 7 in Fighting
  6408 | D:5      | Reached XP level 8. HP: 17/88 MP: 8/8
  6830 | D:5      | Reached skill level 8 in Fighting
  8034 | D:6      | Reached skill level 9 in Fighting
  8325 | D:6      | Found a radiant altar of Vehumet.
  8591 | D:6      | Found a staircase to the Ecumenical Temple.
  8596 | Temple   | Entered the Ecumenical Temple
  8692 | Temple   | Became a worshipper of Warmaster Okawaru
  9100 | D:6      | Reached skill level 1 in Invocations
  9100 | D:6      | Reached XP level 9. HP: 41/101 MP: 9/9
  9441 | D:6      | Reached skill level 1 in Armour
  9455 | D:7      | Reached skill level 10 in Fighting
  9587 | D:7      | Found a stormy altar of Qazlal.
  9792 | D:7      | Found a blossoming altar of Fedhas.
  9992 | D:7      | Noticed Pikel
 10005 | D:7      | Killed Pikel
 10005 | D:7      | Reached * piety under Okawaru
 10323 | D:7      | Reached ** piety under Okawaru
 10324 | D:7      | Reached skill level 1 in Polearms
 10326 | D:7      | Found a white marble altar of Elyvilon.
 10998 | D:8      | Reached XP level 10. HP: 51/110 MP: 13/13
 11303 | D:8      | Reached skill level 11 in Fighting
 11890 | D:8      | Reached *** piety under Okawaru
 12503 | D:9      | Reached skill level 1 in Shields
 13811 | D:9      | Received a gift from Okawaru
 13811 | D:9      | Reached skill level 5 in Invocations
 14465 | D:9      | Found a staircase to the Orcish Mines.
 14545 | D:9      | Found a hide-covered altar of Uskayaw.
 14547 | D:9      | Found an ornate altar of the Wu Jian Council.
 14620 | D:9      | Found a snail-covered altar of Cheibriados.
 15948 | D:10     | Entered Level 10 of the Dungeon
 16016 | D:10     | Found a runed gate.
 16016 | D:10     | Found a runed gate.
 16016 | D:10     | Found a runed gate.
 16123 | D:10     | Killed an unseen horror
 16406 | D:10     | Reached **** piety under Okawaru
 16407 | D:10     | Noticed snuffy's ghost (journeyman DsGl)
 16409 | D:10     | Found Feint's Jewellery Boutique.
 16956 | D:10     | Paralysed by a hornet for 1 turns
 17705 | D:10     | Reached XP level 11. HP: 122/122 MP: 15/15
 17850 | D:10     | Noticed a cyan ugly thing
 18049 | D:10     | Reached skill level 10 in Throwing
 18133 | D:10     | Killed a cyan ugly thing
 18133 | D:10     | Reached skill level 12 in Fighting
 19889 | D:10     | Received a gift from Okawaru
 20150 | D:11     | Noticed a two-headed ogre
 20153 | D:11     | Killed a two-headed ogre
 20557 | D:11     | Found a staircase to the Lair.
 20970 | D:11     | Noticed a red ugly thing
 21012 | D:11     | Killed a red ugly thing
 21391 | D:11     | HP: 4/126 [orc warrior/battleaxe (24)]
 21395 | D:11     | Killed from afar by an orc priest

Vault maps used:
D:1:      matt_arrival_los_fun, minmay_pentomino_o4
D:2:      first_ration, grunt_dithmenos_smoke
D:3:      serial_glass, glass_columns_a, glass_columns_b, glass_columns_b,
          glass_columns_c, glass_columns_b
D:4:      uniq_menkaure
D:6:      kennysheep_spiral_hall, vehumet_crystals,
          minmay_temple_entry_nine_rooms
D:7:      grunt_temple_overflow_forces_of_nature, basic_altar, grunt_ogre_cave,
          kennysheep_generic_room_4, uniq_pikel
D:8:      minmay_splitting_lines
D:9:      grunt_temple_overflow_open, hiddenorc2_lemuel, columned_hall_lemuel,
          minivault_26, grunt_decor_one_mirror
D:10:     kennysheep_blocky_room, gammafunk_ghost_icy, serial_shops, shop
D:11:     due_lair_maze_entry_diamond
Temple:   minmay_temple_bridge_d

Skill      XL: |  1  2  3  4  5  6  7  8  9 10 11 |
---------------+----------------------------------+-----
Fighting       | 3 4 5 6 7 9 10 11 12 | 12.9
Dodging        | 2 3 4 |  4.0
Throwing       | 5 6 8 9 10 | 10.0
Invocations    | 1 4 5 7 |  7.5
Armour         | 3 4 |  4.5
Polearms       | 2 4 |  4.0
Shields        | 2 3 |  3.9
Stealth        | |  0.6

Action                   |  1- 3 |  4- 6 |  7- 9 | 10-12 || total
-------------------------+-------+-------+-------+-------++-------
Melee: Short sword       |    89 |    78 |       |       ||   167
       Rapier            |       |    20 |    69 |       ||    89
       Dagger            |       |       |     7 |    62 ||    69
       Hunting sling     |       |       |     1 |       ||     1
 Fire: Hunting sling     |    34 |    61 |   352 |   422 ||   869
Throw: Large rock        |    14 |    27 |    38 |    40 ||   119
       Stone             |    23 |     7 |       |     7 ||    37
       Throwing net      |     2 |       |     4 |     2 ||     8
       Tomahawk          |       |    27 |     4 |    26 ||    57
       Javelin           |       |       |       |    41 ||    41
Invok: Heroism           |       |       |       |     4 ||     4
Evoke: Wand              |       |       |     1 |    12 ||    13
  Use: Scroll            |     2 |     4 |     7 |    22 ||    35
       Potion            |       |     1 |     4 |     6 ||    11
 Stab: Sleeping          |     1 |     3 |       |       ||     4
       Held in net/web   |     1 |       |       |       ||     1
  Eat: Chunk             |     4 |     9 |    15 |    14 ||    42
       Ration            |       |       |     1 |     5 ||     6
Armor: Robe              |    68 |    47 |    89 |   116 ||   320
       Skin              |       |       |     5 |       ||     5
Dodge: Dodged            |    91 |    88 |   115 |   223 ||   517
Block: Large shield      |       |       |       |   118 ||   118

Table legend:
 A = Spawn XP
 B = Non-spawn XP
 C = Spawn XP percentage of total XP
 D = Spawn monster count
 E = Non-spawn monster count
 F = Spawn count percentage of total count
 G = Total turns spent on level
                    A         B        C        D         E        F      G
               +---------+---------+-------+---------+---------+-------+---------
         Total |       0 |   14114 |   0.0 |       0 |     305 |   0.0 | 21395
               +---------+---------+-------+---------+---------+-------+---------
           D:1 |       0 |      30 |   0.0 |       0 |      21 |   0.0 |  1434
           D:2 |       0 |      96 |   0.0 |       0 |      22 |   0.0 |  1680
           D:3 |       0 |     108 |   0.0 |       0 |      27 |   0.0 |  1136
           D:4 |       0 |     400 |   0.0 |       0 |      19 |   0.0 |  1318
           D:5 |       0 |     772 |   0.0 |       0 |      22 |   0.0 |  1868
           D:6 |       0 |    1084 |   0.0 |       0 |      19 |   0.0 |  1986
           D:7 |       0 |    1814 |   0.0 |       0 |      34 |   0.0 |  1806
           D:8 |       0 |    1360 |   0.0 |       0 |      30 |   0.0 |  1404
           D:9 |       0 |    1632 |   0.0 |       0 |      58 |   0.0 |  3698
          D:10 |       0 |    4003 |   0.0 |       0 |      28 |   0.0 |  3651
          D:11 |       0 |    2815 |   0.0 |       0 |      25 |   0.0 |  1239
               +---------+---------+-------+---------+---------+-------+---------
